Map: Oxide LE

Players

DnS

  • Race: Protoss Protoss

Serral - Winner!

  • Race: Zerg Zerg

Event: DreamHack SC2 Masters 2021 Winter

VOD

Have the link to the VOD?

Description

Time

  • Played on: Sept. 29, 2021, 10:50 a.m.
  • Length: 19:38

All games in this series

Show
View Real Time Build Order
Export as new Build Order

DnS Protoss 

Build Orders: 1 Gate Expand, Archon Immortal, Mass Adepts 

Get SALT Encoding   

  12  0:00  Probe  
  13  0:12  Probe  
  14  0:19  Pylon  
  14  0:24  Probe  
  15  0:37  Probe (Chrono Boost)  
  16  0:44  Gateway  
  16  0:46  Probe (Chrono Boost)  
  17  0:51  Assimilator  
  17  0:52  Probe  
  19  1:04  Probe  
  19  1:16  Probe  
  20  1:27  Nexus  
  20  1:34  Cybernetics Core  
  20  1:37  Probe  
  21  1:44  Assimilator  
  21  1:49  Probe  
  21  1:53  Pylon  
  22  2:01  Probe (Chrono Boost)  
  23  2:09  Adept (Chrono Boost)  
  23  2:11  Warp Gate  
  23  2:14  Probe (Chrono Boost)  
  26  2:18  Gateway  
  26  2:21  Probe (Chrono Boost)  
  27  2:28  Probe  
  28  2:33  Stalker  
  30  2:40  Probe (Chrono Boost)  
  32  2:47  Probe (Chrono Boost)  
  32  2:49  Twilight Council  
  32  2:51  Probe (Chrono Boost)  
  33  2:55  Probe (Chrono Boost)  
  34  3:02  Probe  
  35  3:06  Adept, Probe  
  35  3:07  Adept  
  40  3:13  Gateway  
  40  3:15  Probe  
  29  3:20  Resonating Glaives (Chrono Boost)  
  41  3:21  Pylon  
  41  3:22  Probe  
  42  3:35  Probe x2  
  42  3:40  Pylon  
  44  3:47  Probe x2  
  46  4:00  Robotics Facility, Nexus  
  46  4:05  Adept x2, Probe  
  46  4:08  Adept  
  53  4:11  Pylon  
  53  4:13  Probe  
  54  4:19  Probe  
  54  4:20  Pylon  
  54  4:23  Pylon  
  55  4:25  Probe  
  56  4:32  Adept x2  
  56  4:33  Adept  
  56  4:35  Probe  
  56  4:37  Probe  
  64  4:41  Assimilator  
  64  4:43  Assimilator  
  64  4:47  Probe  
  64  4:48  Observer (Chrono Boost)  
  64  4:49  Probe  
  67  4:54  Adept x3  
  67  4:59  Probe  
  74  5:01  Probe  
  75  5:07  Immortal (Chrono Boost)  
  75  5:09  Shield Battery  
  75  5:11  Probe  
  75  5:13  Probe  
  82  5:14  Probe  
  82  5:23  Probe  
  82  5:26  Probe x2  
  82  5:28  Sentry x2  
  89  5:32  Forge  
  89  5:33  Sentry  
  89  5:35  Probe  
  92  5:38  Probe x2  
  92  5:47  Immortal (Chrono Boost), Probe  
  95  5:50  Probe x2  
  97  5:57  Gateway  
  97  5:58  Gateway  
  97  5:59  Probe  
  97  6:02  Probe x2  
  90  6:11  Adept x3, Probe  
  88  6:13  Protoss Ground Weapons Level 1 (Chrono Boost)  
  88  6:14  Probe  
  88  6:15  Shield Battery  
  88  6:16  Immortal (Chrono Boost), Probe  
  89  6:23  Assimilator x2  
  94  6:29  Gateway  
  94  6:33  Pylon  
  94  6:34  Stalker  
  94  6:35  Stalker, Shield Battery  
  94  6:36  Adept  
  99  6:42  Probe x2, Shield Battery  
  99  6:44  Phoenix  
  101  6:50  Immortal (Chrono Boost)  
  106  6:54  Probe  
  106  6:59  Gateway  
  106  7:01  Blink (Chrono Boost)  
  106  7:04  Sentry  
  106  7:05  Gateway  
  106  7:08  Gateway, Pylon  
  108  7:14  Photon Cannon  
  108  7:16  Pylon  
  108  7:23  Pylon  
  108  7:26  Pylon  
  108  7:29  Stalker x2  
  112  7:32  Nexus  
  112  7:33  Pylon  
  112  7:42  Probe x3  
  115  7:45  Sentry  
  115  7:46  Stalker x3  
  115  7:48  Pylon  
  123  7:51  Warp Prism (Chrono Boost), Templar Archives  
  125  8:05  Zealot x4  
  129  8:09  Probe x3  
  136  8:15  Photon Cannon  
  136  8:18  Shield Battery  
  136  8:20  Shield Battery  
  136  8:25  Psionic Storm  
  136  8:29  Immortal, Stalker  
  136  8:30  Stalker x2  
  142  8:35  High Templar  
  142  8:36  High Templar x3  
  146  8:44  Adept  
  146  8:45  Charge (Chrono Boost), Shield Battery  
  148  8:57  Shield Battery  
  148  8:58  Shield Battery x2  
  148  8:59  Photon Cannon, Archon x2  
  148  9:06  High Templar  
  148  9:07  High Templar  
  148  9:08  Immortal, Probe x4  
  160  9:11  Protoss Ground Weapons Level 2 (Chrono Boost)  
  160  9:20  Assimilator x2, Probe  
  160  9:23  Pylon x2  
  161  9:25  Pylon  
  161  9:35  Photon Cannon  
  161  9:37  Photon Cannon, Stalker x3  
  161  9:39  Photon Cannon  
  161  9:42  Pylon  
  161  9:45  Photon Cannon  
  161  9:46  High Templar x2  
  161  9:50  Photon Cannon  
  159  10:02  Probe  
  159  10:03  Probe x3  
  138  10:15  Probe x4  
  138  10:27  Probe (Chrono Boost)  
  129  10:30  High Templar x3  
  129  10:32  High Templar x2  
  129  10:33  Probe x2 (Chrono Boost)  
  142  10:36  Archon  
  142  10:37  Probe (Chrono Boost)  
  142  10:39  Probe (Chrono Boost)  
  142  10:41  Stalker  
  142  10:42  Stalker, Zealot x2  
  151  10:45  Probe x2 (Chrono Boost)  
  151  10:46  Warp Prism (Chrono Boost)  
  151  10:47  Probe (Chrono Boost)  
  151  10:49  Probe x2 (Chrono Boost)  
  157  10:50  Probe (Chrono Boost)  
  157  10:55  Probe  
  158  10:57  Probe  
  158  10:59  Probe  
  158  11:02  Stalker x3  
  151  11:07  Stalker  
  147  11:12  High Templar x2  
  147  11:15  Stalker  
  147  11:16  Archon  
  152  11:19  Probe x3 (Chrono Boost)  
  152  11:21  Probe (Chrono Boost)  
  156  11:31  Probe (Chrono Boost)  
  156  11:32  Probe x2 (Chrono Boost)  
  160  11:37  Probe (Chrono Boost)  
  160  11:40  High Templar x2  
  164  11:49  High Templar x2  
  164  11:52  Archon  
  168  11:54  Stalker x4  
  174  12:08  Archon  
  172  12:14  Zealot x3  
  178  12:18  High Templar x2  
  178  12:19  Probe x3  
  178  12:20  Probe  
  178  12:22  Archon  
  186  12:25  Gateway  
  186  12:31  Probe x2  
  186  12:33  Zealot, High Templar x2  
  186  12:34  Zealot x2  
  192  12:37  Archon  
  192  12:50  Stalker x2  
  192  12:51  Stalker x2  
  184  13:12  High Templar x5  
  170  13:13  High Templar  
  170  13:16  Archon x2  
  172  13:20  Zealot x4  
  172  13:21  Archon  
  172  13:30  Zealot x4  
  180  13:45  Zealot x5  
  190  13:51  Archon x3  
  190  13:54  Zealot x5, Protoss Ground Weapons Level 3 (Chrono Boost)  
  194  14:04  Probe x4  
  198  14:10  High Templar  
  138  14:31  High Templar x9  
  124  14:35  Archon x4  
  124  14:36  Immortal (Chrono Boost)  
  144  14:46  High Templar  
  144  14:47  Probe x4  
  149  15:03  Stalker  
  149  15:04  Zealot x2  
  155  15:07  High Templar, Pylon  
  155  15:08  Immortal (Chrono Boost), Zealot x2  
  155  15:09  Zealot x2  
  155  15:11  Zealot  
  167  15:30  High Templar x2  
  167  15:31  Zealot x5  
  178  15:37  Immortal (Chrono Boost)  
  178  15:42  High Templar x2  
  186  15:43  Archon  
  186  15:47  Archon  
  184  15:52  High Templar x2  
  186  15:58  Gateway  
  186  16:00  Archon  
  186  16:01  Gateway  
  184  16:17  High Templar x4  
  191  16:20  Zealot x4  
  191  16:22  Photon Cannon  
  191  16:23  Archon  
  191  16:24  Photon Cannon  
  197  16:27  Pylon  
  197  16:33  Archon  
  197  16:41  Nexus  
  197  16:44  Zealot  
  199  16:51  Photon Cannon, Zealot x4  
  199  16:52  Photon Cannon  
  199  16:53  Photon Cannon  
  193  16:54  Photon Cannon  
  193  16:56  Shield Battery  
  177  17:03  Zealot x2  
  177  17:04  Zealot x3  
  175  17:10  Zealot  
  175  17:12  Observer  
  168  17:18  High Templar x4  
  156  17:23  Archon x2  
  156  17:28  Stalker x5  
  164  17:37  Zealot  
  164  17:40  Probe x4  
  156  17:51  Stalker x3  
  162  18:09  High Templar x2  
  162  18:10  Stalker x3  
  168  18:16  Archon  
  166  18:22  Stalker x4  
  172  18:34  Stalker x3  
  170  18:43  Stalker x3  
  176  18:56  Zealot x4  
Show
View Real Time Build Order
Export as new Build Order

Serral Zerg - Winner!

Build Orders: Hatch First 

Get SALT Encoding   

  12  0:00  Drone  
  13  0:12  Overlord  
  13  0:17  Drone  
  14  0:31  Drone x2  
  16  0:43  Drone  
  17  0:52  Hatchery  
  17  0:54  Drone  
  17  0:59  Drone  
  18  1:08  Extractor  
  17  1:13  Spawning Pool  
  17  1:16  Drone  
  17  1:20  Drone  
  18  1:29  Drone  
  19  1:39  Drone  
  20  1:50  Overlord  
  20  2:00  Queen  
  22  2:04  Queen  
  22  2:05  Zergling x4  
  26  2:12  Drone  
  26  2:15  Metabolic Boost  
  27  2:16  Drone  
  27  2:22  Drone  
  29  2:26  Drone  
  30  2:36  Queen  
  32  2:45  Hatchery  
  32  2:47  Drone  
  32  2:49  Drone  
  33  2:53  Overlord  
  33  2:57  Drone  
  34  3:00  Drone  
  34  3:02  Drone  
  36  3:07  Overlord  
  38  3:14  Drone x4  
  38  3:18  Drone x2  
  42  3:22  Queen  
  42  3:25  Drone  
  45  3:30  Queen  
  45  3:34  Overlord  
  47  3:38  Drone  
  47  3:39  Drone  
  49  3:41  Zergling x2  
  49  3:47  Zergling x4, Roach Warren  
  51  3:50  Zergling x2  
  52  3:56  Queen  
  52  3:57  Drone  
  52  3:58  Drone  
  52  4:00  Drone  
  52  4:01  Drone  
  58  4:03  Drone  
  58  4:04  Drone  
  58  4:07  Spore Crawler  
  58  4:10  Spore Crawler  
  58  4:15  Zergling x4  
  59  4:17  Drone x2  
  59  4:19  Drone x2  
  59  4:23  Overlord  
  63  4:26  Overlord  
  63  4:28  Zergling x2  
  63  4:30  Overlord  
  64  4:37  Lair, Extractor  
  63  4:42  Drone x2  
  63  4:44  Extractor, Overlord  
  64  4:46  Roach x2  
  64  4:50  Roach x2  
  72  4:56  Roach  
  72  4:58  Zergling x8  
  78  5:07  Zergling x12  
  80  5:11  Drone x3  
  87  5:19  Roach  
  87  5:20  Overlord x2  
  89  5:25  Overlord  
  89  5:27  Drone  
  90  5:29  Overlord  
  90  5:31  Overlord  
  90  5:33  Overlord  
  90  5:34  Evolution Chamber  
  89  5:38  Overlord  
  89  5:40  Drone  
  89  5:42  Drone x3  
  93  5:46  Drone x3  
  94  5:50  Drone x2  
  94  5:53  Drone  
  94  5:55  Drone  
  94  5:56  Drone  
  97  6:02  Drone x2  
  87  6:07  Glial Reconstitution  
  87  6:11  Drone x2  
  83  6:13  Drone  
  83  6:17  Zerg Missile Weapons Level 1  
  83  6:18  Overseer  
  84  6:20  Drone  
  84  6:21  Drone  
  84  6:22  Drone  
  84  6:24  Drone  
  84  6:25  Drone, Extractor  
  88  6:28  Ravager x2  
  88  6:29  Ravager x3  
  88  6:30  Drone  
  88  6:32  Drone x2  
  96  6:34  Drone x2  
  98  6:41  Overlord  
  98  6:42  Overlord  
  98  6:44  Roach x2  
  98  6:45  Roach  
  104  6:49  Roach x2  
  104  6:53  Extractor x2  
  103  6:54  Overseer  
  103  7:03  Drone x7  
  103  7:06  Baneling Nest  
  108  7:09  Drone  
  109  7:18  Overlord  
  109  7:19  Spire, Roach x2  
  109  7:20  Roach  
  114  7:26  Roach x4  
  122  7:30  Hatchery  
  122  7:35  Roach x3  
  122  7:36  Roach  
  127  7:40  Zergling x2, Roach x2  
  131  7:46  Overlord  
  131  7:49  Centrifugal Hooks  
  131  7:51  Overlord  
  131  7:54  Zergling x10  
  136  8:02  Ravager x3  
  139  8:07  Zergling x20  
  149  8:16  Zergling x10  
  153  8:32  Overlord  
  153  8:37  Zerg Melee Weapons Level 1  
  153  8:38  Drone x9  
  162  8:58  Overlord  
  162  9:01  Mutalisk x9  
  179  9:05  Mutalisk  
  179  9:07  Hatchery  
  180  9:10  Drone x2, Evolution Chamber  
  180  9:15  Zergling x16  
  180  9:16  Zergling x6  
  192  9:21  Baneling x7  
  192  9:24  Overseer  
  192  9:27  Evolution Chamber  
  189  9:38  Drone x2  
  190  9:41  Zerg Missile Weapons Level 2  
  190  9:42  Infestation Pit, Drone x3  
  190  9:45  Baneling x3  
  192  9:49  Drone  
  193  9:53  Drone x6  
  193  9:54  Extractor x2  
  188  10:07  Zergling x24  
  188  10:08  Zergling x4  
  188  10:11  Baneling x17  
  192  10:23  Drone x4  
  192  10:24  Drone  
  192  10:27  Zergling x16  
  194  10:31  Hive  
  194  10:32  Spore Crawler  
  194  10:33  Drone x3  
  188  10:40  Baneling x13  
  188  10:43  Zergling x16  
  188  10:45  Zerg Melee Weapons Level 2  
  196  10:54  Zergling x10  
  196  11:03  Zergling x14  
  200  11:13  Baneling x8  
  200  11:14  Baneling x10  
  200  11:22  Baneling x5  
  200  11:26  Spine Crawler  
  200  11:27  Spine Crawler  
  200  11:28  Drone x3, Spine Crawler  
  200  11:32  Baneling x7  
  200  11:37  Pneumatized Carapace  
  200  11:46  Greater Spire  
  200  11:51  Adrenal Glands  
  200  11:57  Zerg Ground Armor Level 1  
  200  12:11  Baneling x10  
  200  12:13  Baneling x8  
  194  12:18  Zergling x16, Extractor x2  
  198  12:39  Zergling x2  
  198  12:40  Zergling x2  
  198  12:43  Baneling x11  
  196  12:55  Zergling x8  
  200  13:03  Hatchery  
  179  13:07  Zergling x6  
  179  13:08  Zergling x78  
  184  13:15  Baneling x16  
  182  13:20  Zergling x2  
  182  13:21  Zergling x26  
  182  13:23  Zerg Melee Weapons Level 3  
  182  13:24  Ravager x3  
  199  13:28  Baneling x22  
  196  13:35  Zergling x6  
  196  13:40  Baneling  
  195  13:50  Zergling x8  
  195  13:54  Overlord  
  192  14:00  Hatchery  
  192  14:01  Baneling x3  
  192  14:02  Baneling x10  
  190  14:12  Zergling x22  
  190  14:13  Baneling, Hatchery  
  190  14:14  Baneling x4  
  198  14:21  Zergling x2  
  198  14:22  Zergling x14  
  153  14:27  Zergling x10  
  153  14:29  Roach x3  
  149  14:31  Baneling x2  
  149  14:32  Baneling x4  
  149  14:33  Ravager x4  
  149  14:34  Roach x3  
  149  14:36  Baneling x7  
  159  14:40  Roach x4  
  159  14:45  Roach x2  
  171  14:47  Drone  
  172  15:01  Corruptor x3  
  172  15:02  Corruptor  
  180  15:17  Hatchery  
  180  15:20  Corruptor  
  180  15:21  Corruptor x3  
  186  15:33  Brood Lord x4  
  191  15:44  Overlord  
  191  15:53  Overlord  
  191  16:03  Brood Lord x4  
  198  16:05  Extractor  
  198  16:08  Corruptor, Extractor  
  198  16:11  Spine Crawler  
  197  16:12  Spine Crawler  
  197  16:13  Spine Crawler x2  
  194  16:20  Corruptor x3  
  194  16:24  Zerg Flyer Weapons Level 1  
  199  16:45  Brood Lord  
  195  16:52  Brood Lord x3  
  196  16:55  Roach  
  196  16:56  Roach  
  191  17:06  Roach x5  
  192  17:18  Drone  
  192  17:19  Drone  
  192  17:25  Corruptor x2  
  196  17:34  Corruptor  
  198  17:38  Overseer  
  196  17:49  Overseer  
  196  17:53  Hatchery  
  194  17:59  Brood Lord x2  
  193  18:12  Extractor  
  192  18:13  Drone x4, Extractor  
  192  18:14  Drone x2  
  192  18:19  Corruptor  
  197  18:29  Roach  
  187  18:57  Hatchery  
  186  19:03  Roach  
  186  19:04  Roach x6  
  186  19:06  Overlord  
  186  19:08  Overseer  
  185  19:17  Roach x2  

Tags
 
Add a new tag
Caveats
  • Supply blocks, unpowered buildings, or Contaminate may cause inaccurate times.
  • Supply counts are checked every 10 seconds.